 Dungeon Crawl Stone Soup version 0.17.0-1-g61d176b (console) character file.

18 rchandra the Chiller (level 2, 0/23 HPs)
             Began as a Hill Orc Ice Elementalist on Nov 8, 2015.
             Slain by a jackal (3 damage)
             ... on level 1 of the Dungeon.
             The game lasted 00:02:43 (645 turns).

rchandra the Chiller (Hill Orc Ice Elementalist)     Turns: 645, Time: 00:02:43

Health: 0/23       AC:  2    Str: 10    XL:     2   Next: 66%
Magic:  0/5        EV: 12    Int: 15    God:
Gold:   57         SH:  0    Dex: 11    Spells: 2 memorised, 2 levels left

rFire  . . .     SeeInvis .     g - +0 club
rCold  . . .     Clarity  .     a - +0 robe
rNeg   . . .     SustAt   .     (no shield)
rPois  .         Gourm    .     (no helmet)
rElec  .         Spirit   .     (no cloak)
rCorr  .         Warding  .     (no gloves)
rMut   .         Stasis   .     (no boots)
MR     .....                    (no amulet)
Stlth  ++........               (no ring)
                                (no ring)

@: not resistant to hostile enchantments, unstealthy
A: no striking features
a: no special abilities


You were on level 1 of the Dungeon.
You were not hungry.

You visited 1 branch of the dungeon, and saw 1 of its levels.

You collected 57 gold pieces.

Inventory:

Hand Weapons
 g - a +0 club (weapon)
Armour
 a - a +0 robe (worn)
Jewellery
 d - an uncursed amulet of guardian spirit
   (You took it off a kobold on level 1 of the Dungeon)
Scrolls
 e - a scroll of identify {unknown}
Books
 b - a book of Frost

   Spells                             Type                      Level
   a - Freeze                         Ice                          1
   b - Throw Frost                    Conjuration/Ice              2
   c - Ozocubu's Armour               Charms/Ice                   3
   d - Throw Icicle                   Conjuration/Ice              4
   e - Summon Ice Beast               Ice/Summoning                4
   f - Condensation Shield            Ice                          4
Comestibles
 c - a bread ration
 f - 6 chunks of flesh


   Skills:
 + Level 1.0 Fighting
 - Level 1.5 Dodging
 - Level 1.5 Stealth
 - Level 2.0 Spellcasting
 - Level 1.0 Conjurations
 - Level 3.0 Ice Magic


You had 2 spell levels left.
You knew the following spells:

 Your Spells              Type           Power        Failure   Level  Hunger
k - Throw Frost           Conj/Ice       #.....       14%         2    ###....
y - Freeze                Ice            ##..         8%          1    #......


Dungeon Overview and Level Annotations

Branches:
Dungeon (1/15)

Altars:


Message History

You closely miss the jackal. You hit the jackal but do no damage.
The jackal bites you.
The jackal bites you but does no damage.
You take 2 damage, and have 12/22 hp.
You hit the jackal but do no damage. The jackal closely misses you.
The jackal misses you.
You hit the jackal.
The jackal is heavily wounded.
The jackal bites you.
You take 3 damage, and have 9/22 hp.
You closely miss the jackal.
The jackal is heavily wounded.
The jackal bites you.
* * * LOW HITPOINT WARNING * * *
The jackal bites you but does no damage.
You take 1 damage, and have 8/22 hp.
Casting: Freeze
Confirm with . or Enter, or press ? or * to list all spells.
Aiming: Freeze
Press: ? - help, Shift-Dir - straight line, f - jackal
Aim: a jackal (heavily wounded)
You freeze the jackal.
You kill the jackal!
Your Fighting skill increases to level 1!
* * * LOW MAGIC WARNING * * *
The jackal misses you.
You now have 0/5 mp.
You hit the jackal.
The jackal is moderately wounded.
The jackal bites you but does no damage.
The jackal closely misses you.
You hit the jackal but do no damage.
The jackal is moderately wounded.
The jackal bites you.
* * * LOW HITPOINT WARNING * * *
You take 1 damage, and have 7/23 hp.
You completely miss the jackal.
The jackal is lightly wounded.
The jackal bites you.
* * * LOW HITPOINT WARNING * * *
The jackal bites you.
* * * LOW HITPOINT WARNING * * *
You take 3 damage, and have 4/23 hp.
You hit the jackal.
The jackal is moderately wounded.
The jackal misses you. The jackal bites you.
* * * LOW HITPOINT WARNING * * *
You take 1 damage, and have 3/23 hp.
The jackal bites you.
You die...

.....
########
.#### #......
.# ##.....##
.# .......
###########.#
.....
............#
.h.
######.######
#h# #.# #h#
#.# #ω# #.#
#.#
#.#########.#
#...........#
#############


You could see 3 jackals.

Vanquished Creatures
  A giant gecko (D:1)
  A bat (D:1)
  A giant cockroach (D:1)
  2 goblins (D:1)
  3 hobgoblins (D:1)
  2 jackals (D:1)
  2 kobolds (D:1)
  2 rats (D:1)
14 creatures vanquished.

Notes
Turn   | Place    | Note
--------------------------------------------------------------
     0 | D:1      | rchandra the Hill Orc Ice Elementalist began the quest for the Orb.
     0 | D:1      | Reached XP level 1. HP: 14/14 MP: 3/3
   263 | D:1      | Reached XP level 2. HP: 11/20 MP: 0/4
   340 | D:1      | Learned a level 2 spell: Throw Frost
   359 | D:1      | Reached skill level 3 in Ice Magic
   562 | D:1      | Reached skill level 2 in Spellcasting
   640 | D:1      | Reached skill level 1 in Fighting
   645 | D:1      | Slain by a jackal

Action                   || total
-------------------------++-------
Melee: Unarmed           ||     4
       Club              ||     9
 Cast: Freeze            ||    24

Vault maps used:
D:1:      dpeg_arrival_round_a
